 Dungeon Crawl Stone Soup version 0.23-a0-384-g3a68796 (webtiles) character file.

2432 Cryolive the Digger (level 9, -2/52 HPs)
             Began as a Gargoyle Earth Elementalist on Oct 27, 2018.
             Slain by an orc warrior
             ... wielding a cursed +0 halberd
              (14 damage)
             ... in a bailey.
             The game lasted 00:47:29 (8341 turns).

Cryolive the Digger (Gargoyle Earth Elementalist)   Turns: 8341, Time: 00:47:30

Health: -2/52      AC: 17    Str: 13    XL:     9   Next: 48%
Magic:  5/15       EV: 16    Int: 18    God:
Gold:   292        SH:  4    Dex: 10    Spells: 8/17 levels left

rFire    + . .     SeeInvis .   u - +1 quarterstaff
rCold    x . .     Gourm    .   (shield currently unavailable)
rNeg     + . .     Faith    .   p - +2 robe {MR+}
rPois    ∞         Spirit   .   y - +2 helmet
rElec    +         Reflect  +   q - +2 cloak
rCorr    .         Harm     .   (no gloves)
MR       +....                  (no boots)
Stlth    ++........             z - +4 amulet of reflection
HPRegen  0.17/turn              l - ring of fire
MPRegen  0.14/turn              s - +3 ring of evasion

@: no status effects
A: negative energy resistance 1, electricity resistance, unbreathing,
petrification resistance, rot immunity, AC +6
a: no special abilities


You were in a bailey.
You were not hungry.

You visited 2 branches of the dungeon, and saw 8 of its levels.
You also visited: Ossuary and Bailey.

You collected 292 gold pieces.

Inventory:

Hand Weapons
 u - a +1 quarterstaff (weapon)
Missiles
 b - 36 stones (quivered)
Armour
 p - a +2 robe of magic resistance (worn)
 q - a +2 cloak (worn)
 y - a +2 helmet (worn)
Jewellery
 l - a ring of fire (left hand)
 s - a +3 ring of evasion (right hand)
 z - a +4 amulet of reflection (around neck)
 B - an uncursed ring of ice {unknown}
Wands
 x - a wand of acid (3)
Scrolls
 c - 2 scrolls of vulnerability {unknown}
 e - 8 scrolls of teleportation
 f - 2 scrolls of magic mapping
 m - 10 scrolls of identify
 o - 3 scrolls of remove curse
Potions
 a - 2 potions of agility {unknown}
 g - 3 potions of invisibility
 h - 2 potions of mutation {unknown}
 i - a potion of flight {unknown}
 k - a potion of curing
 n - a potion of brilliance {unknown}
 r - a potion of lignification {unknown}
 t - a potion of heal wounds {unknown}
 v - 2 potions of magic {unknown}
 w - a potion of haste {unknown}
 A - a potion of might {unknown}
 C - a potion of resistance {unknown}
Comestibles
 d - 9 rations


   Skills:
 + Level 4.6 Fighting
 + Level 3.8 Staves
 + Level 4.7 Armour
 + Level 4.0 Dodging
 - Level 2.1 Stealth
 + Level 4.5 Spellcasting
 + Level 4.5 Conjurations
   Level 0.7 Transmutations
 + Level 6.6 Earth Magic
 + Level 3.3 Evocations


You had 8 spell levels left.
You knew the following spells:

 Your Spells              Type           Power        Failure   Level  Hunger
a - Sandblast             Erth           ####..       1%          1    None
b - Stone Arrow           Conj/Erth      ###...       4%          3    ###....
c - Lee's Rapid Deconstr  Erth           ####......   26%         5    ######.

Your spell library contained the following spells:

 Spells                   Type           Power        Failure   Level  Hunger
 Passwall                 Tmut/Erth      ###.....     4%          2    #......
 Summon Small Mammal      Summ           #...         14%         1    None
 Call Imp                 Summ           #.......     22%         2    #......
 Petrify                  Tmut/Erth      ###.....     30%         4    ####...
 Call Canine Familiar     Summ           #.......     38%         3    ###....
 Summon Guardian Golem    Hex/Summ       #.......     38%         3    ###....
 Summon Ice Beast         Ice/Summ       #.......     80%         4    ####...
 Summon Lightning Spire   Summ/Air       #.......     80%         4    ####...


Dungeon Overview and Level Annotations

Branches:
Dungeon (7/15)             Temple (1/1) D:4

Altars:
Ashenzari
Cheibriados
Dithmenos
Elyvilon
Fedhas
Hepliaklqana
Nemelex Xobeh
Okawaru
Qazlal
Ru
Sif Muna
Trog
Uskayaw
Wu Jian
Xom
Yredelemnul
Zin
The Shining One


Innate Abilities, Weirdness & Mutations

You are resistant to torment.
Your stone body is resilient. (AC +6)
You are immune to poison.
You resist negative energy. (rN+)
You are resistant to electric shocks. (rElec)
You can survive without breathing.
You are immune to petrification.
You are immune to rotting.


Message History

The orc warrior hits you from afar with a +0 spear!
* * * LOW HITPOINT WARNING * * *
You block the orc warrior's attack.
Unknown command.
Casting: Sandblast (safe; 1% risk of failure)
Confirm with . or Enter, or press ? or * to list all spells.
Aiming: Sandblast (safe; 1% risk of failure)
Press: ? - help, Shift-Dir - straight line, f/p - orc
Aim: an orc, wielding a +0 spear and wearing a cursed +0 scale mail (heavily The blast of sand hits the orc warrior.
The orc warrior is moderately wounded.
b - 36 stones The orc warrior hits you but does no damage.
The orc warrior hits you from afar with a +0 halberd.
* * * LOW HITPOINT WARNING * * *
The orc warrior misses you.
You feel better. The orc warrior misses you.
You block the orc warrior's attack.
The orc warrior hits you from afar with a cursed +0 halberd!
You die...

############ ###
#.∩........## ....
............###### o....
............#....#oo....
∩...........'...@)ooo...
.)))........#....#oo....
..))).......###### .....
#.∩))......## ....
############ ###


You could see 3 orc warriors and 5 orcs.

Vanquished Creatures
  Pikel (D:5)
  A hungry ghost (D:6)
  Edmund (D:5)
  A phantom (D:4)
  2 centaurs (D:6)
  2 ogres
  2 bullfrogs
  A scorpion (D:6)
  6 killer bees (D:7)
  2 howler monkeys
  3 crimson imps
  2 hounds
  An orc priest (D:4)
  A bullfrog skeleton (D:6)
  3 orc wizards (D:4)
  2 worker ants
  6 big kobold zombies (Ossuary)
  A hound zombie (D:7)
  A mummy (Ossuary)
  6 gnolls
  A howler monkey skeleton (D:6)
  8 adders
  2 shadow imps
  2 oozes
  An adder zombie (D:7)
  A worm (D:6)
  2 dart slugs
  2 leopard geckos
  30 orcs
  2 spectral bats (Ossuary)
  9 bats
  3 bat simulacra (Ossuary)
  7 giant cockroaches
  4 goblins
  8 hobgoblins
  7 jackals
  7 kobolds
  A quokka (D:3)
  2 ball pythons
  10 frilled lizards
  6 gnoll zombies (Ossuary)
  2 goblin simulacra (Ossuary)
  3 goblin zombies (Ossuary)
  7 hobgoblin zombies (Ossuary)
  4 kobold simulacra (Ossuary)
  7 kobold zombies (Ossuary)
  A leopard gecko skeleton (D:4)
  An orc zombie (Ossuary)
  A quokka skeleton (D:4)
  6 rats
  3 rat simulacra (Ossuary)
  2 spectral kobolds (Ossuary)
  4 spectral rats (Ossuary)
201 creatures vanquished.

Vanquished Creatures (others)
  A scorpion (D:7)
  3 hounds (D:7)
  A worker ant (D:7)
5 creatures vanquished.

Grand Total: 206 creatures vanquished

Notes
Turn   | Place    | Note
-------+----------+-------------------------------------------
     0 | D:1      | Cryolive the Gargoyle Earth Elementalist began the quest
                  | for the Orb.
     0 | D:1      | Reached XP level 1. HP: 10/10 MP: 3/3
   123 | D:1      | Found an iron altar of Okawaru.
   342 | D:1      | Reached XP level 2. HP: 9/16 MP: 1/5
   921 | D:1      | Reached skill level 1 in Armour
  1149 | D:1      | Reached skill level 1 in Fighting
  1379 | D:2      | Reached XP level 3. HP: 20/20 MP: 6/6
  1384 | D:2      | Learned a level 3 spell: Stone Arrow
  1476 | D:2      | Reached skill level 4 in Earth Magic
  1866 | D:2      | Reached XP level 4. HP: 22/25 MP: 0/7
  2171 | D:3      | Reached skill level 1 in Conjurations
  2370 | D:3      | Found a shadowy altar of Dithmenos.
  2659 | D:3      | Reached XP level 5. HP: 23/30 MP: 7/9
  3474 | D:4      | Found a staircase to the Ecumenical Temple.
  3474 | D:4      | Noticed an ogre
  3478 | D:4      | Killed an ogre
  3478 | D:4      | Reached XP level 6. HP: 35/35 MP: 1/10
  3490 | Temple   | Entered the Ecumenical Temple
  4092 | D:4      | Reached skill level 1 in Staves
  4225 | D:4      | Reached skill level 1 in Evocations
  4288 | D:4      | Noticed a phantom
  4424 | D:4      | Killed a phantom
  4424 | D:4      | Reached XP level 7. HP: 40/40 MP: 0/11
  4572 | D:4      | Reached skill level 5 in Earth Magic
  4973 | D:5      | Entered Level 5 of the Dungeon
  5009 | D:5      | Noticed Edmund
  5034 | D:5      | Killed Edmund
  5350 | D:5      | Noticed Pikel
  5553 | D:5      | Learned a level 5 spell: Lee's Rapid Deconstruction
  5850 | D:5      | Killed Pikel
  5850 | D:5      | Reached XP level 8. HP: 41/47 MP: 4/13
  6024 | D:6      | Found a sand-covered staircase.
  6057 | Ossuary  | Entered an ossuary
  6932 | D:6      | Reached skill level 6 in Earth Magic
  6947 | D:6      | Reached XP level 9. HP: 40/52 MP: 7/15
  7571 | D:7      | Found a shimmering altar of Xom.
  7986 | D:7      | Found a flagged portal.
  7998 | Bailey   | Entered a bailey
  8341 | Bailey   | Slain by an orc warrior

Vault maps used:
D:1:      dpeg_arrival_leaves_temple_mockup, minmay_misc_feat_x,
          okawaru_ov_weapons_minmay
D:3:      first_ration, grunt_decor_fettered, nicolae_dithmenos_shadow_blocks
D:4:      temple_statues
D:5:      dk_noncrumbling_4, uniq_edmund, uniq_pikel
D:6:      nicolae_ossuary_entry_monument, grunt_decor_one_mirror
D:7:      kennysheep_mini, lightli_bailey_entry_fortress, xom_confusion_cloud
Temple:   dpeg_five_rooms_temple
Ossuary:  ossuary_zaba_two_paths
Bailey:   bailey_polearm_5, bailey

Skill      XL: |  1  2  3  4  5  6  7  8  9 |
---------------+----------------------------+-----
Armour         | 1 2 3 4 |  4.7
Fighting       | 1 2 3 4 |  4.6
Earth Magic    | 4 5 6 |  6.6
Dodging        | 2 3 4 |  4.0
Conjurations   | 1 2 3 4 |  4.5
Spellcasting   | 3 4 |  4.5
Staves         | 1 2 3 |  3.8
Evocations     | 1 2 3 |  3.3
Stealth        | |  2.1
Transmutations | |  0.7

Action                   |  1- 3 |  4- 6 |  7- 9 || total
-------------------------+-------+-------+-------++-------
Melee: Unarmed           |    50 |       |       ||    50
       Dagger            |    45 |       |       ||    45
       Whip              |    33 |   161 |       ||   194
       Quarterstaff      |       |    43 |   490 ||   533
 Cast: Sandblast         |    12 |    32 |    75 ||   119
       Stone Arrow       |     2 |     9 |    14 ||    25
  Use: Scroll            |       |     8 |     3 ||    11
       Potion            |       |       |     1 ||     1
 Stab: Sleeping          |     4 |     1 |     5 ||    10
  Eat: Chunk             |     3 |    10 |    12 ||    25
       Ration            |       |       |     2 ||     2
Armor: Robe              |    37 |    72 |   185 ||   294
Dodge: Dodged            |    97 |   168 |   441 ||   706
Block: Other             |       |       |   116 ||   116
       Reflection        |       |       |     4 ||     4

Table legend:
 A = Non-vault XP
 B = Vault XP
 C = Vault XP percentage of total XP
 D = Non-vault monster count
 E = Vault monster count
 F = Vault count percentage of total count
                 A         B        C        D         E       F
            +---------+---------+-------+---------+---------+-------
      Total |    2293 |    1182 |  34.0 |     130 |      71 |  35.3
            +---------+---------+-------+---------+---------+-------
        D:1 |      33 |       0 |   0.0 |      21 |       0 |   0.0
        D:2 |      74 |       0 |   0.0 |      20 |       0 |   0.0
        D:3 |     133 |       0 |   0.0 |      26 |       0 |   0.0
        D:4 |     553 |       0 |   0.0 |      24 |       0 |   0.0
        D:5 |     167 |     795 |  82.6 |       4 |       2 |  33.3
        D:6 |     861 |       0 |   0.0 |      23 |       0 |   0.0
        D:7 |     472 |     127 |  21.2 |      12 |       4 |  25.0
    Ossuary |       0 |     218 | 100.0 |       0 |      51 | 100.0
     Bailey |       0 |      42 | 100.0 |       0 |      14 | 100.0
            +---------+---------+-------+---------+---------+-------
